AoeStats
← True

MegaRandom

508248923Analyzed
4v4 RM · 12d ago on Sep 21, 2026· 46m 55s· 8 players
Game mode
Random Map
Map size
Large (8 player)
Population
200
Speed
Normal
Resources
Standard
Victory
Conquest
Starting age
Dark Age
Ending age
Imperial Age
RankedLock teamsTeams togetherTeam positionsShared explorationLock speedFull tech treeHidden civsTurbo modeCheats
Victory
Defeat
🇸🇪 Dravidians · Sweden
1251
+15
🇬🇧 Berbers · United Kingdom
1237
+16
🇷🇺 Burmese · Russia
1227
+16
🇸🇪 Khmer · Sweden
1194
+17
🇹🇼 Mongols · Taiwan
1250
-17
🇺🇸 Goths · United States
1237
-16
🇨🇳 Maya · China
1233
-16
🇮🇳 Bohemians · India
1197
-15
The Outpost Man
1:55 Loom
6:18 Loom
12:12 Feudal Age
13:15 Horse Collar
13:23 Double-Bit Axe
15:39 Bloodlines
20:34 Castle Age
21:49 Wheelbarrow
21:47 Heavy Plow
21:58 Bow Saw
22:18 Husbandry
24:01 Gold Mining
24:09 Stone Mining
27:07 Forging
27:03 Scale Barding Armor
31:40 Hand Cart
34:30 Chain Barding Armor
40:26 Imperial Age
37:48 Light Cavalry
40:38 Iron Casting
40:45 Cavalier
42:27 Blast Furnace
42:03 Plate Barding Armor
43:39 Hussar
45:33 Elite Battle Elephant
46:48 Caravan
Ultimate_Boredom
8:47 Loom
12:07 Feudal Age
13:40 Horse Collar
13:55 Double-Bit Axe
21:17 Castle Age
20:08 Stone Mining
20:57 Wheelbarrow
20:50 Gold Mining
23:05 Bow Saw
22:58 Heavy Plow
23:55 Fletching
24:25 Bloodlines
26:48 Ballistics
26:32 Husbandry
27:01 Padded Archer Armor
29:40 Kasbah
31:08 Bodkin Arrow
37:34 Imperial Age
35:43 Gold Shaft Mining
35:36 Town Watch
36:49 Leather Archer Armor
37:55 Thumb Ring
38:10 Elite Camel Archer
39:37 Conscription
40:32 Hand Cart
40:40 Bracer
41:46 Chemistry
43:34 Ring Archer Armor
47:25 Maghrebi Camels
True
7:21 Loom
10:13 Feudal Age
10:58 Double-Bit Axe
11:45 Horse Collar
14:41 Fletching
16:41 Town Watch
20:00 Wheelbarrow
23:52 Castle Age
22:19 Padded Archer Armor
24:43 Bow Saw
24:32 Bodkin Arrow
24:46 Thumb Ring
24:29 Crossbowman
27:35 Leather Archer Armor
28:08 Ballistics
42:52 Imperial Age
40:44 Murder Holes
43:35 Bracer
43:17 Arbalester
46:08 Two-Man Saw
Moa
7:03 Loom
9:46 Feudal Age
10:04 Man-at-Arms
34:20 Horse Collar
37:17 Castle Age
37:25 Fletching
37:35 Padded Archer Armor
37:49 Bloodlines
38:05 Town Watch
40:41 Bodkin Arrow
42:08 Husbandry
Valhalla9
6:00 Loom
11:53 Feudal Age
12:50 Double-Bit Axe
12:52 Horse Collar
22:38 Castle Age
21:06 Stone Mining
21:08 Gold Mining
22:09 Forging
22:03 Scale Mail Armor
23:08 Wheelbarrow
24:01 Squires
24:22 Chain Mail Armor
24:40 Forging
33:06 Pikeman
38:02 Imperial Age
37:13 Anarchy
37:55 Iron Casting
39:25 Conscription
40:09 Blast Furnace
40:12 Halberdier
Ghajini
7:24 Loom
9:59 Feudal Age
10:33 Horse Collar
10:38 Double-Bit Axe
13:36 Double-Bit Axe
16:33 Wheelbarrow
17:51 Forging
21:09 Castle Age
23:20 Bow Saw
24:26 Scale Barding Armor
24:37 Scale Barding Armor
30:10 Fervor
33:00 Imperial Age
33:08 Imperial Age
35:17 Elite Skirmisher
37:09 Chemistry
37:02 Padded Archer Armor
38:51 Fletching
43:21 Bodkin Arrow
43:41 Leather Archer Armor
44:22 Bracer
47:20 Two-Man Saw
46:20 Heavy Plow
Ta.ToM
7:19 Loom
9:33 Feudal Age
14:43 Castle Age
13:25 Double-Bit Axe
15:42 Fletching
37:25 Bodkin Arrow
38:44 Padded Archer Armor
Hakka
0:32 Loom
10:24 Feudal Age
13:46 Double-Bit Axe
14:51 Wheelbarrow
20:04 Castle Age
18:20 Horse Collar
18:35 Gold Mining
20:33 Town Watch
21:38 Fletching
35:44 Heavy Plow
40:03 Padded Archer Armor
39:59 Bodkin Arrow
48:54 Imperial Age
Connection lost

Rejoining the realm…

Still unreachable

The connection could not be restored.

Session expired

The server has moved on; the page needs a fresh start.